 Dungeon Crawl Stone Soup version 0.30.0-15-g856e2d3f33 (webtiles) character file.

Game seed: 13357453883913508445

182 qw the Chopper (level 5, 0/32 HPs)
             Began as a Gargoyle Fighter on May 19, 2023.
             Slain by a hound (5 damage)
             ... on level 4 of the Dungeon.
             The game lasted 00:01:30 (3018 turns).

qw the Chopper (Gargoyle Fighter)                   Turns: 3018, Time: 00:01:31

Health: 0/32       AC: 15    Str: 22    XL:     5   Next: 62%
Magic:  5/5        EV:  6    Int:  8    God:
Gold:   179        SH:  4    Dex: 12    Spells: 4/4 levels left

rFire   . . .        Y - +0 war axe
rCold   . . .        c - +0 buckler
rNeg    + . .        p - +0 plate armour
rPois   inf          (no helmet)
rElec   +            (no cloak)
rCorr   +            (no gloves)
SInv    .            (no boots)
Will    .....        (no amulet) Stlth
                     e - ring "Tem Tideisch" {rCorr Dex+3}
HPRegen 0.25/turn    (no ring)
MPRegen 0.09/turn

%: no passive effects
@: about to teleport
A: sickness immunity, AC +4, negative energy resistance 1, electricity
resistance, torment resistance 1, petrification resistance
a: no special abilities


You were on level 4 of the Dungeon.
You visited 1 branch of the dungeon, and saw 4 of its levels.

You collected 179 gold pieces.


Innate Abilities, Weirdness & Mutations

You are immune to sickness and miasma.
Your stone body is resilient. (AC +4)
You are immune to poison.
You resist negative energy. (rN+)
You are resistant to electric shocks. (rElec)
You are resistant to unholy torment.
You are immune to petrification.


   Skills:
 - Level 3.2 Fighting
 + Level 4.4 Axes
 - Level 3.2 Armour
 - Level 2.0 Dodging
 - Level 3.2 Shields


You had 4 spell levels left.
You didn't know any spells.
Your spell library was empty.

Inventory:

Hand Weapons
 q - a +0 whip
 Y - a +0 war axe (weapon)
Armour
 c - a +0 buckler (worn)
 p - a +0 plate armour (worn)
Jewellery
 e - the ring "Tem Tideisch" (left hand) {rCorr Dex+3}
   (You acquired it on level 2 of the Dungeon)

   [ring of resist corrosion]

   Dex:       It affects your dexterity (+3).
   rCorr:     It protects you from acid and corrosion.
Wands
 h - a wand of digging (6)
Scrolls
 g - a scroll of teleportation
 o - a scroll of identify
Potions
 a - a potion of curing {unknown}
 d - 2 potions of might
 j - a potion of degeneration {unknown}
 m - a potion of ambrosia {unknown}
 n - a potion of heal wounds {unknown}

Dungeon Overview and Level Annotations

Branches:
Dungeon (4/15)
 Temple: D:4-7

Altars:

Annotations:
D:4 Sigmund


Message History

You barely miss the black bear.
The black bear is almost dead.
You hit the goblin.
You kill the goblin!
You block the black bear's attack.
The black bear claws you but does no damage.
The black bear claws you. You block the black bear's attack.
The black bear claws you but does no damage.
The black bear claws you.
3014 ||| READING 3 scrolls of teleportation.
As you read the scroll of teleportation, it crumbles to dust.
You feel strangely unstable.
The black bear bites you but does no damage.
The black bear claws you but does no damage. x2
You barely miss the black bear.
The black bear is almost dead.
The black bear bites you but does no damage.
The black bear completely misses you. You block the black bear's attack. x2
The black bear claws you but does no damage. x2
You slash the black bear!
The black bear is almost dead.
The black bear bites you.
The black bear claws you but does no damage. x2
You block the black bear's attack.
The black bear claws you but does no damage.
You block the black bear's attack.
You closely miss the black bear.
The black bear is almost dead.
Your surroundings suddenly seem different.
Sigmund, an endoplasm, a quokka and a hound come into view.
Found a scroll labelled XEIPOFO INNU and a scroll of teleportation.
Found a stone staircase leading up.
The endoplasm quivers.
The hound barks!
You block Sigmund's attack.
3018 ||| READING 2 scrolls of teleportation.
As you read the scroll of teleportation, it crumbles to dust.
You feel strangely unstable. The hound bites you.
You die...

.# # .# .# #
.##. .. .#. .?.
.. .. .#.####
##.#####.......
....<..@.......
.#.#.###h..####
J@.# ...# r?..#
.....# .....#
.....#


You could see Sigmund, a hound, an endoplasm and a quokka.

Vanquished Creatures
  A scorpion (D:3)
  Robin (D:4)
  3 adders
  2 worms
  A dart slug (D:2)
  5 ball pythons
  4 endoplasms
  2 giant cockroaches (D:1)
  21 goblins
  7 hobgoblins
  A jackal (D:2)
  A kobold (D:2)
  10 quokkas
  7 bats
  A frilled lizard (D:1)
  4 rats
71 creatures vanquished.

Notes
Turn   | Place    | Note
-------+----------+-------------------------------------------
     0 | D:1      | qw the Gargoyle Fighter began the quest for the Orb.
     0 | D:1      | Reached XP level 1. HP: 14/14 MP: 1/1
     0 | D:1      | 0 ||| qw: Version: 0.2-a-96-g8eb1148
     0 | D:1      | 0 ||| qw: Game counter: 3
     0 | D:1      | 0 ||| qw: Always use a shield: true
     0 | D:1      | 0 ||| qw: God list: Okawaru
     0 | D:1      | 0 ||| qw: Allow faded altars: false
     0 | D:1      | 0 ||| qw: Do Orc after D:15 true
     0 | D:1      | 0 ||| qw: Do second Lair branch before Depths: true
     0 | D:1      | 0 ||| qw: Lair rune preference: random
     0 | D:1      | 0 ||| qw: Plans: Normal, Zot:1-4, God:TSO, Crypt, Tomb,
                  | Pan, Slime:5, Hells, Abyss, Win
     0 | D:1      | 0 ||| PLANNING D:1-11
    53 | D:1      | Reached skill level 2 in Axes
   145 | D:1      | Reached XP level 2. HP: 19/19 MP: 2/2
   948 | D:1      | 948 ||| DROPPING +6 ring of intelligence.
   949 | D:1      | 949 ||| READING scroll labelled DASEEW KAUPLU.
  1001 | D:2      | 1001 ||| Stepping ~*~*~tactically~*~*~ (stealth).
  1015 | D:2      | Reached skill level 3 in Axes
  1059 | D:2      | Reached XP level 3. HP: 19/23 MP: 3/3
  1421 | D:2      | 1421 ||| Stepping ~*~*~tactically~*~*~ (stealth).
  1699 | D:2      | Reached XP level 4. HP: 28/28 MP: 4/4
  1714 | D:2      | 1714 ||| DROPPING +0 club.
  1829 | D:2      | 1829 ||| Stepping ~*~*~tactically~*~*~ (stealth).
  1830 | D:2      | 1830 ||| Stepping ~*~*~tactically~*~*~ (stealth).
  1840 | D:2      | Reached skill level 4 in Axes
  2002 | D:2      | 2002 ||| DROPPING amulet of faith.
  2003 | D:2      | 2003 ||| READING scroll labelled DOSAKHL LIUDGH.
  2004 | D:2      | 2004 ||| READING 3 scrolls labelled VUD TOSANOHUW.
  2007 | D:2      | 2007 ||| READING scroll labelled DEIDEO JAONKAATA.
  2008 | D:2      | 2008 ||| READING scroll labelled PYUGOI FOIL.
  2008 | D:2      | Identified a scroll of acquirement
  2008 | D:2      | 2008 ||| ACQUIRING ring "Tem Tideisch" {rCorr Dex+3}
  2008 | D:2      | Acquired the ring "Tem Tideisch" {rCorr Dex+3}
  2010 | D:2      | 2010 ||| UPGRADING to ring "Tem Tideisch" {rCorr Dex+3}.
  2011 | D:2      | 2011 ||| READING scroll labelled ZOXOICZ DYCKOG.
  2012 | D:2      | 2012 ||| READING scroll labelled HAOSIARGHATT.
  2354 | D:3      | Noticed a scorpion
  2368 | D:3      | Killed a scorpion
  2369 | D:3      | Reached XP level 5. HP: 20/32 MP: 5/5
  2811 | D:3      | 2811 ||| UPGRADING to +0 chain mail.
  2821 | D:3      | 2821 ||| DROPPING +0 scale mail.
  2822 | D:3      | 2822 ||| UPGRADING to +0 plate armour.
  2832 | D:3      | 2832 ||| DROPPING +0 chain mail.
  2833 | D:3      | 2833 ||| READING scroll labelled QUXEKL TUWAXKI.
  2834 | D:3      | 2834 ||| READING scroll labelled IDOFUSY EXUXIH.
  2935 | D:3      | 2935 ||| READING scroll labelled SOMADU ITA.
  2989 | D:4      | Noticed a black bear
  2992 | D:4      | 2992 ||| Stepping ~*~*~tactically~*~*~ (stealth).
  2999 | D:4      | Noticed Robin
  3009 | D:4      | Killed Robin
  3013 | D:4      | HP: 7/32 [black bear (3)]
  3014 | D:4      | 3014 ||| READING 3 scrolls of teleportation.
  3017 | D:4      | Noticed Sigmund
  3018 | D:4      | 3018 ||| READING 2 scrolls of teleportation.
  3018 | D:4      | Slain by a hound

Levels and vault maps discovered:
D:1:      lightli_arrival_noodles, layout_basic,
          nicolae_concentric_dashed_squares_wild
D:2:      kb_forest_paths, layout_loops_corners
D:3:      layout_loops_ring, grunt_ministairs_15
D:4:      layout_loops_ring, uniq_sigmund, uniq_robin

Skill      XL: |  1  2  3  4 |
---------------+-------------+-----
Axes           | 2 3 4 |  4.4
Dodging        | 2 |  2.0
Fighting       | |  3.2
Armour         | |  3.2
Shields        | |  3.2

Action                     |  1- 3 |  4- 6 || total
---------------------------+-------+-------++-------
  Melee: War axe           |   133 |   110 ||   243
    Use: Scroll            |     1 |    11 ||    12
 Armour: Scale mail        |    80 |    39 ||   119
         Plate armour      |       |    48 ||    48
  Dodge: Dodged            |    51 |    61 ||   112
  Block: Buckler           |    17 |    29 ||    46

Table legend:
 A = Non-vault XP
 B = Vault XP
 C = Vault XP percentage of total XP
 D = Non-vault monster count
 E = Vault monster count
 F = Vault count percentage of total count
                 A         B        C        D         E       F
            +---------+---------+-------+---------+---------+-------
      Total |     203 |      58 |  22.2 |      52 |      19 |  26.8
            +---------+---------+-------+---------+---------+-------
        D:1 |      28 |       0 |   0.0 |      16 |       0 |   0.0
        D:2 |      57 |      22 |  27.8 |      22 |       6 |  21.4
        D:3 |     113 |       3 |   2.6 |      13 |       2 |  13.3
        D:4 |       5 |      33 |  86.8 |       1 |      11 |  91.7
            +---------+---------+-------+---------+---------+-------
